 Dungeon Crawl Stone Soup version 0.30-a0-883-g5ad918d (webtiles) character file.

Game seed: 9795675574193315929

112 Nithhogg the Chopper (level 4, -1/41 HPs)
             Began as a Hill Orc Fighter on Mar 15, 2023.
             Slain by an orc priest
             ... wielding a +0 dagger
              (3 damage)
             ... on level 3 of the Dungeon.
             The game lasted 00:04:49 (1482 turns).

Nithhogg the Chopper (Hill Orc Fighter)             Turns: 1482, Time: 00:04:50

Health: -1/41      AC:  7    Str: 20    XL:     4   Next: 95%
Magic:  5/5        EV:  9    Int:  8    God:
Gold:   60         SH:  0    Dex: 10    Spells: 3/3 levels left

rFire   . . .      SeeInvis .    a - +0 war axe
rCold   . . .      Faith    .    (no shield)
rNeg    . . .      Spirit   .    b - +0 scale mail
rPois   .          Reflect  .    (no helmet)
rElec   .          Rampage  .    (no cloak)
rCorr   .                        (no gloves)
Will    .....                    (no boots) Stlth
                                 (no amulet)
HPRegen 0.26/turn                (no ring)
MPRegen 0.09/turn                (no ring)

@: no status effects
A: no striking features
a: Convert to Beogh


You were on level 3 of the Dungeon.
You visited 1 branch of the dungeon, and saw 3 of its levels.

You collected 60 gold pieces.

Inventory:

Hand Weapons
 a - a +0 war axe (weapon)
 f - a +1 vampiric short sword
Armour
 b - a +0 scale mail (worn)
 c - a +0 buckler
Jewellery
 g - a ring of protection from fire
Wands
 d - a wand of polymorph (3)
Scrolls
 h - 4 scrolls of poison
 i - a scroll of immolation {unknown}
 j - 2 scrolls of fog
 n - a scroll of teleportation
 o - 2 scrolls of identify {unknown}
 p - a scroll of vulnerability {unknown}
Potions
 e - 2 potions of ambrosia
 k - a potion of mutation {unknown}


   Skills:
 + Level 4.3 Fighting
 * Level 4.6 Axes
 + Level 4.0 Armour
 - Level 3.2 Shields
 + Level 2.2 Invocations


You had 3 spell levels left.
You didn't know any spells.
Your spell library contained the following spells:

 Spells                   Type           Power      Damage    Failure   Level
 Magic Dart               Conj           0%         1d3       77%         1
 Searing Ray              Conj           0%         2d4       88%         2
 Fulminant Prism          Conj/Hex       0%         3d5       100%        4
 Summon Lightning Spire   Summ/Air       0%         N/A       100%        4
 Storm Form               Tmut/Air       0%         N/A       100%        7
 Maxwell's Capacitive Co  Air            0%         ∞         100%        8


Dungeon Overview and Level Annotations

Branches:
Dungeon (3/15)

Altars:

Shops:
D:1 =


Message History

You hit the orc priest.
The orc priest is heavily wounded.
You barely miss the orc.
A bat comes into view.
The orc priest hits you but does no damage.
The orc barely misses you.
You hit the orc priest.
The orc priest is almost dead.
You slash the orc!
You kill the orc!
The orc priest mumbles some strange prayers to Beogh against you.
Pain shoots through your body!
Your Armour skill increases to level 4!
You hit the orc priest.
The orc priest is almost dead.
The bat barely misses you.
The orc priest shouts, "Surrender to Beogh and we'll let you live!"
The orc priest closely misses you.
You slash the orc!
You kill the orc!
The bat misses you.
You closely miss the orc priest.
The orc priest is almost dead.
The bat barely misses you.
The orc priest threatens, "By the altar or by the axe, you will meet Beogh!"
The orc priest barely misses you.
You closely miss the orc priest.
The orc priest is almost dead.
You slash the bat!
You kill the bat!
The orc priest calls down the wrath of Beogh upon you.
Beogh smites you!
You closely miss the orc priest.
The orc priest is almost dead.
The orc priest threatens, "By the altar or by the axe, you will meet Beogh!"
The orc priest calls down the wrath of Beogh upon you.
Beogh smites you!
* * * LOW HITPOINT WARNING * * *
The orc priest hits you with a +0 dagger.
You die...

......####
#..)......
#....###.)#
.##.......<.#
#.........#.##
#.##....#...†#
#....##....#...#
..### ##.^.###.#
#. ####..#..# .#
. #o@†.###..# #
§..§).).### #.#
≈.≈≈≈≈≈.# .#
§..[§.§.# ..
#####.≈.# #
#.≈.. #§≈..
.§≈§#


You could see an orc priest.

Vanquished Creatures
  Jessica (D:2)
  4 gnolls (D:2)
  An adder (D:2)
  A worm (D:2)
  3 orcs (D:3)
  4 bats
  An endoplasm (D:2)
  A giant cockroach (D:2)
  6 goblins
  A hobgoblin (D:1)
  A quokka (D:2)
  6 ball pythons
  2 frilled lizards
  A kobold (D:2)
33 creatures vanquished.

Notes
Turn   | Place    | Note
-------+----------+-------------------------------------------
     0 | D:1      | Nithhogg the Hill Orc Fighter began the quest for the Orb.
     0 | D:1      | Reached XP level 1. HP: 19/19 MP: 1/1
   199 | D:1      | Found Qiwounung's Jewellery Shoppe.
   673 | D:2      | Reached XP level 2. HP: 16/27 MP: 2/2
   768 | D:2      | Reached skill level 1 in Invocations
  1056 | D:2      | Noticed Jessica
  1059 | D:2      | Reached XP level 3. HP: 33/33 MP: 2/4
  1081 | D:2      | Reached XP level 4. HP: 29/40 MP: 5/5
  1098 | D:2      | Killed Jessica
  1482 | D:3      | HP: 2/41 [orc priest/divine providence (12)]
  1482 | D:3      | Slain by an orc priest

Illustrated notes

Levels and vault maps discovered:
D:1:      matt_arrival_refuge, layout_basic, serial_shops, shop, serial_glass,
          glass_columns_a, glass_columns_a, glass_columns_a, glass_columns_a,
          glass_columns_a, glass_columns_b, serial_park_tiny_1
D:2:      layout_basic, uniq_jessica
D:3:      layout_rooms, mainiacjoe_overflow_brackets, gammafunk_ghost_mausoleum

Skill      XL: |  1  2  3  4 |
---------------+-------------+-----
Axes           | 3 4 |  4.6
Invocations    | 1 2 |  2.2
Fighting       | 4 |  4.3
Armour         | 4 |  4.0
Shields        | |  3.2

Action                     |  1- 3 |  4- 6 || total
---------------------------+-------+-------++-------
  Melee: War axe           |    71 |    36 ||   107
         Punch             |     1 |       ||     1
    Use: Potion            |     5 |       ||     5
         Scroll            |       |     6 ||     6
   Stab: Invisible         |     2 |       ||     2
 Armour: Scale mail        |    43 |    22 ||    65
         Skin              |     6 |     5 ||    11
  Dodge: Dodged            |    40 |    28 ||    68

Table legend: (Time is in decaauts)
 A = Elapsed time spent in this place.
 B = Non-inter-level travel time spent in this place.
 C = Inter-level travel time spent in this place.
 D = Time resting spent in this place.
 E = Time spent auto-exploring this place.
 F = Levels seen in this place.
 G = Mean time per level.
                   A        B        C        D        E       F      G
               +--------+--------+--------+--------+--------+-----+--------+
         Total |   1516 |   1460 |     56 |      5 |   1148 |   3 |  505.3 |
       Dungeon |   1516 |   1460 |     56 |      5 |   1148 |   3 |  505.3 |
               +--------+--------+--------+--------+--------+-----+--------+

Top non-repeatable levels by time:
     D:2: 783 daAuts
     D:1: 673 daAuts
     D:3: 58 daAuts
